 Dungeon Crawl Stone Soup version 0.20.0-1-g1cb1d84 (webtiles) character file.

30 straycat the Sneak (level 3, 0/28 HPs)
             Began as a Vampire Wanderer on May 26, 2017.
             Succumbed to an adder's poison
             ... on level 1 of the Dungeon.
             The game lasted 00:09:50 (1335 turns).

straycat the Sneak (Vampire Wanderer)               Turns: 1335, Time: 00:09:50

Health: 0/28       AC:  2    Str: 10    XL:     3   Next: 3%
Magic:  0/7        EV: 12    Int: 11    God:
Gold:   27         SH:  0    Dex: 18    Spells: 7/8 levels left

rFire    . . .     SeeInvis +   i - +0 short sword
rCold    . . .     Gourm    .   (no shield)
rNeg     + . .     Faith    .   d - +0 robe
rPois    .         Spirit   .   (no helmet)
rElec    .         Reflect  .   (no cloak)
rCorr    .         Harm     .   (no gloves)
MR       +....                  (no boots)
Stlth    ++........             (no amulet)
Regen    0.1/turn               g - ring of protection from magic
MPRegen  0.1/turn               (no ring)

@: lethally poisoned (0 -> -7), flying, very slightly contaminated
A: fangs 3, see invisible, unbreathing
a: Bat Form


You were on level 1 of the Dungeon.
You were not thirsty.

You visited 1 branch of the dungeon, and saw 2 of its levels.

You collected 27 gold pieces.

Inventory:

Hand Weapons
 e - a +0 dagger
 i - a +0 short sword (weapon)
 k - a +0 spear
Missiles
 h - 8 needles of confusion
 m - 31 stones (quivered)
 q - 20 poisoned needles
Armour
 d - a +0 robe (worn)
 n - a +1 buckler
Jewellery
 g - a ring of protection from magic (left hand)
Potions
 f - 10 potions of blood
Books
 a - a book of Minor Magic

   Spells                             Type                      Level
   a - Magic Dart                     Conjuration                  1
   b - Blink                          Translocation                2
   c - Call Imp                       Summoning                    2
   d - Slow                           Hexes                        2
   e - Conjure Flame                  Conjuration/Fire             3
   f - Mephitic Cloud                 Conjuration/Poison/Air       3
 b - Sigotuw's Incunabulum of Sinister Magic

   Spells                             Type                      Level
   a - Pain                           Necromancy                   1
   b - Regeneration                   Charms/Necromancy            3
 c - the Papyrus of Ethics

   Spells                             Type                      Level
   a - Flame Tongue                   Conjuration/Fire             1
   b - Conjure Flame                  Conjuration/Fire             3


   Skills:
 + Level 2.7 Fighting
   Level 1.0 Staves
 - Level 1.1 Dodging
 - Level 3.0 Stealth
 - Level 3.0 Spellcasting
   Level 1.0 Fire Magic
   Level 1.0 Ice Magic


You had 7 spell levels left.
You knew the following spells:

 Your Spells              Type           Power        Failure   Level  Hunger
a - Magic Dart            Conj           #...         26%         1    #......


Dungeon Overview and Level Annotations

Branches:
Dungeon (2/15)

Altars:
Ashenzari


Innate Abilities, Weirdness & Mutations

You have razor-sharp teeth.
You have supernaturally acute eyesight. (SInv)
You can survive without breathing.


Message History

The adder poisons you! The adder misses you.
It was a potion of flight.
You feel very buoyant.
You fly up into the air.
The adder misses you.
Casting: Magic Dart
Confirm with . or Enter, or press ? or * to list all spells.
Aiming: Magic Dart
Press: ? - help, Shift-Dir - straight line, f/p - adder
Aim: an adder (black smoke, almost dead)
The magic dart hits the adder.
You kill the adder!
You have reached level 3!
Your experience leads to an increase in your attributes!
Increase (S)trength, (I)ntelligence, or (D)exterity?
You feel agile.
You can now transform into a vampire bat.
* * * LOW HITPOINT WARNING * * *
You feel sick.
Yummy - fresh blood!
You die...

####### #.#...≈...#.#............
....# #.#.⌠.≈.⌠.#.#######...#.#
....### #.#...≈...#.#######...#..
......# #.#.8.≈.8.#.#...##....#..
......# #.#...≈...#.#...##.##.#..
......# #.###...###.#......#⌠.##+
##....###...##∩##...#......#.....
......'####..#.#..###...#.#.#....
......## ##.#§#@## #...#...#....
.....## #.§§§§# #...#...+..._
.....# ###§§## #...#...#....
.###.# #§§# ##..###.#.... ÷# #.#
##§# #.....#..... .# #.# #§#
####..#⌠...' .# #.# #.# ##.#.#...
.# #.# #.# #...)#.. .###.# #.#
###..#..


There were no monsters in sight!

Vanquished Creatures
  An adder (D:1)
  A leopard gecko (D:1)
  A giant cockroach (D:1)
  3 goblins (D:1)
  A hobgoblin (D:1)
  2 jackals (D:1)
  5 kobolds (D:1)
  A bat (D:1)
  2 frilled lizards (D:1)
  2 rats (D:1)
19 creatures vanquished.

Notes
Turn   | Place    | Note
-------+----------+-------------------------------------------
     0 | D:1      | straycat the Vampire Wanderer began the quest for the Orb.
     0 | D:1      | straycat set off with: a book of Minor Magic, Sigotuw's Incunabulum of Sinister Magic, the Papyrus of Ethics, a +0 robe, a +0 dagger, a potion of blood
     0 | D:1      | Reached XP level 1. HP: 15/15 MP: 4/4
     6 | D:1      | Identified Sigotuw's Incunabulum of Sinister Magic
     6 | D:1      | Identified the Papyrus of Ethics
     8 | D:1      | Learned a level 1 spell: Magic Dart
   491 | D:1      | Found a shattered altar of Ashenzari.
   542 | D:1      | Reached XP level 2. HP: 22/22 MP: 0/6
  1332 | D:1      | HP: 1/23 [adder (4)]
  1334 | D:1      | Reached XP level 3. HP: 2/28 MP: 0/7
  1335 | D:1      | Succumbed to an adder's poison

Skill      XL: |  1  2 |
---------------+-------+-----
Fighting       | 2 |  2.7
Staves         | |  1.0
Dodging        | |  1.1
Stealth        | |  3.0
Spellcasting   | |  3.0
Fire Magic     | |  1.0
Ice Magic      | |  1.0

Action                   || total
-------------------------++-------
Melee: Short sword       ||    47
       Dagger            ||     5
       Bite              ||     7
Throw: Stone             ||     9
 Cast: Magic Dart        ||    40
  Use: Potion            ||     3
       Scroll            ||     4
Armor: Robe              ||    18
Dodge: Dodged            ||    49
